 Dungeon Crawl Stone Soup version 0.29-a0-834-g1e95ca9f62 (webtiles) character file.

Game seed: 1411197576522066896

150 lesbiats the Conjurer (level 5, -8/42 HPs)
             Began as a Draconian Conjurer on July 13, 2022.
             Mangled by Crazy Yiuf
             ... wielding a +2 quarterstaff of chaos
              (16 damage)
             ... on level 2 of the Dungeon.
             The game lasted 00:14:09 (3078 turns).

lesbiats the Conjurer (Draconian Conjurer)          Turns: 3078, Time: 00:14:10

Health: -8/42      AC:  5    Str: 15    XL:     5   Next: 10%
Magic:  6/9        EV: 12    Int: 21    God:
Gold:   94         SH:  0    Dex:  9    Spells: 3/9 levels left

rFire   . . .      SeeInvis .   j - +0 quarterstaff
rCold   . . .      Faith    .   (shield currently unavailable)
rNeg    . . .      Spirit   .   (body armour unavailable)
rPois   .          Reflect  .   (helmet restricted)
rElec   .          Harm     .   (no cloak)
rCorr   +          Rampage  .   (no gloves)
Will    .....                   (no boots)
Stlth   ++........              (no amulet)
HPRegen 0.14/turn               d - +6 ring of strength
MPRegen 0.11/turn               m - ring of resist corrosion

@: no status effects
A: AC +5, unfitting armour, cold-blooded
a: no special abilities


You were on level 2 of the Dungeon.
You visited 1 branch of the dungeon, and saw 3 of its levels.

You collected 94 gold pieces.

Inventory:

Hand Weapons
 j - a +0 quarterstaff (weapon)
Missiles
 e - 5 javelins
Armour
 i - a +0 robe
Jewellery
 d - a +6 ring of strength (left hand)
 m - a ring of resist corrosion (right hand)
Scrolls
 f - a scroll of identify {unknown}
 h - a scroll of noise {unknown}
 l - a scroll of immolation {unknown}
Potions
 a - 2 potions of magic
 k - a potion of invisibility {unknown}


   Skills:
 + Level 2.3 Fighting
 - Level 1.7 Dodging
 - Level 1.7 Stealth
 + Level 2.9 Spellcasting
 * Level 5.4 Conjurations


You had 3 spell levels left.
You knew the following spells:

 Your Spells              Type           Power      Damage    Failure   Level
a - Magic Dart            Conj           100%       1d8       1%          1
b - Searing Ray           Conj           50%        2d6       2%          2
c - Dazzling Flash        Conj/Hex       28%        N/A       13%         3

Your spell library contained the following spells:

 Spells                   Type           Power      Damage    Failure   Level
 Sting                    Tmut/Pois      12%        1d3       14%         1
 Mephitic Cloud           Conj/Pois/Air  10%        N/A       19%         3
 Call Imp                 Summ           3%         N/A       21%         2
 Poisonous Vapours        Pois/Air       6%         N/A       21%         2
 Fulminant Prism          Conj/Hex       7%         3d7       41%         4
 Iskenderun's Mystic Bla  Conj/Tloc      14%        2d5       41%         4
 Olgreb's Toxic Radiance  Pois           3%         N/A       80%         4


Dungeon Overview and Level Annotations

Branches:
Dungeon (3/15)

Altars:

Annotations:
D:2 Crazy Yiuf


Innate Abilities, Weirdness & Mutations

Your plain brown scales are hard. (AC +5)
You cannot fit into any form of body armour.
You are cold-blooded and may be slowed by cold attacks.


Message History

You feel yourself speed up.
Crazy Yiuf says, "Seed!
Lugonu rumpyflump illywillydillykilly."
Crazy Yiuf misses you.
It was a potion of heal wounds.
You feel much better.
Crazy Yiuf hits you with a +2 quarterstaff of chaos.
You feel yourself slow down. Crazy Yiuf freezes you. Crazy Yiuf misses you.
You feel yourself speed up. Crazy Yiuf attacks as you move away!
Crazy Yiuf hits you with a +2 quarterstaff of chaos.
You are poisoned.
You feel sick. Crazy Yiuf attacks as you move away!
Crazy Yiuf closely misses you.
You feel sick.
Aiming: Magic Dart (safe; 1% risk of failure)
Press: ? - help, Q - select action, (/) - cycle Shift-Dir - straight line, f/p - Crazy Yiuf
Aim: Crazy Yiuf, wielding a +2 quarterstaff of chaos and wearing a +1 cloak of willpower (lightly wounded, 100% to hit)
The magic dart hits Crazy Yiuf.
Crazy Yiuf is lightly wounded.
You feel sick.
Crazy Yiuf hits you with a +2 quarterstaff of chaos!
You feel yourself slow down. Crazy Yiuf freezes you.
Aiming: Magic Dart (safe; 1% risk of failure)
Press: ? - help, Q - select action, (/) - cycle Shift-Dir - straight line, f/p - Crazy Yiuf
Aim: Crazy Yiuf, wielding a +2 quarterstaff of chaos and wearing a +1 cloak of willpower (lightly wounded, 100% to hit)
The magic dart hits Crazy Yiuf.
Crazy Yiuf is lightly wounded.
You feel sick. Crazy Yiuf closely misses you.
Crazy Yiuf hits you with a +2 quarterstaff of chaos.
* * * LOW HITPOINT WARNING * * *
Crazy Yiuf burns you.
* * * LOW HITPOINT WARNING * * *
You feel yourself speed up.
You feel sick.
You are no longer poisoned.
Crazy Yiuf says, "Action disdain sing-song!"
Okay, then.
Crazy Yiuf attacks as you move away!
Crazy Yiuf hits you with a +2 quarterstaff of chaos!
You die...

#.######.##### #..# #.# #.#
######..# ### #.# #.#
#.......# ..##### #.# ###
######### ..#...##### #.#
..#.#.....# #.#
....#...#.###.##### ###
..#####.....#...#.## ###..)#
....#...#.#.#...@g.####.'...#
.##.#.###.#.#.......#..##...#
## ###...###.#.#.#.#..#.###
### ##. #
####.#.......####### #.. ##
##.###.###### #.. .###.##
####### ###. #.#.#######...#
#.#. ##.)....<)..#.# #.#.
##.########...# #.##


You could see Crazy Yiuf.

Vanquished Creatures
  An orc priest (D:3)
  An orc wizard (D:2)
  4 gnolls (D:2)
  2 adders (D:2)
  3 orcs (D:3)
  5 endoplasms
  3 giant cockroaches (D:1)
  4 goblins
  4 hobgoblins
  2 quokkas
  A ball python (D:2)
  A bat (D:3)
  2 frilled lizards (D:2)
  2 kobolds (D:2)
  4 rats
39 creatures vanquished.

Notes
Turn   | Place    | Note
-------+----------+-------------------------------------------
     0 | D:1      | lesbiats the Draconian Conjurer began the quest for the
                  | Orb.
     0 | D:1      | Reached XP level 1. HP: 14/14 MP: 3/3
   210 | D:1      | Found a faded altar of an unknown god.
   327 | D:1      | Reached XP level 2. HP: 22/22 MP: 0/5
   638 | D:1      | Reached skill level 1 in Fighting
   820 | D:2      | Learned a level 2 spell: Searing Ray
  1145 | D:2      | Reached XP level 3. HP: 21/28 MP: 3/6
  1408 | D:2      | Found a runed translucent door.
  1409 | D:2      | Noticed Crazy Yiuf
  1747 | D:2      | Reached XP level 4. HP: 5/36 MP: 0/7
  2225 | D:2      | Reached skill level 5 in Conjurations
  2256 | D:2      | Learned a level 3 spell: Dazzling Flash
  2278 | D:2      | You fall into a shaft and drop 1 floor!
  2754 | D:2      | Reached XP level 5. HP: 41/42 MP: 4/9
  3078 | D:2      | Mangled by Crazy Yiuf

Illustrated notes

Levels and vault maps discovered:
D:1:      amcnicky_arrival_double_pillar, layout_basic,
          ebering_ecumenical_altar_rust, chequers_serial_rivers_small_b,
          minmay_misc_feat_tiny
D:2:      layout_loops_ring, uniq_crazy_yiuf_cottage
D:3:      layout_loops_corners, mainiacjoe_overflow_surrounded_room,
          nicolae_overflow_crystal_walls, serial_shops, shop

Skill      XL: |  1  2  3  4 |
---------------+-------------+-----
Fighting       | 1 2 |  2.3
Conjurations   | 5 |  5.4
Dodging        | |  1.7
Stealth        | |  1.7
Spellcasting   | |  2.9

Action                   |  1- 3 |  4- 6 || total
-------------------------+-------+-------++-------
Melee: Unarmed           |    27 |       ||    27
       Tailslap          |     3 |     1 ||     4
       Quarterstaff      |     5 |     8 ||    13
 Cast: Magic Dart        |    55 |    41 ||    96
       Searing Ray       |     1 |       ||     1
       Dazzling Flash    |       |     1 ||     1
  Use: Scroll            |       |     2 ||     2
       Potion            |       |     2 ||     2
Armor: Skin              |     8 |     6 ||    14
Dodge: Dodged            |    39 |    22 ||    61

Table legend: (Time is in decaauts)
 A = Elapsed time spent in this place.
 B = Non-inter-level travel time spent in this place.
 C = Inter-level travel time spent in this place.
 D = Time resting spent in this place.
 E = Time spent auto-exploring this place.
 F = Levels seen in this place.
 G = Mean time per level.
                   A        B        C        D        E       F      G
               +--------+--------+--------+--------+--------+-----+--------+
         Total |   3085 |   2916 |    169 |   1248 |   1196 |   3 | 1028.3 |
       Dungeon |   3085 |   2916 |    169 |   1248 |   1196 |   3 | 1028.3 |
               +--------+--------+--------+--------+--------+-----+--------+

Top non-repeatable levels by time:
     D:2: 1772 daAuts
     D:1: 1053 daAuts
     D:3: 259 daAuts
